AoeStats
← Pony_Lord_AK47

Golden Pit

509349665Analyzed
1v1 RM · 7d ago on Sep 26, 2026· 29m 18s· 2 players
Game mode
Random Map
Map size
Tiny (2 player)
Population
200
Speed
Normal
Resources
Standard
Victory
Conquest
Starting age
Dark Age
Ending age
Imperial Age
RankedLock teamsTeams togetherTeam positionsShared explorationLock speedFull tech treeHidden civsTurbo modeCheats
Victory
Defeat
🇪🇸 Romans · Spain
1107
+15
🇺🇸 Varangians · United States
1092
-15
Pony_Lord_AK47
4:53 Loom
10:07 Feudal Age
18:54 Castle Age
16:42 Horse Collar
17:19 Double-Bit Axe
23:23 Squires
27:42 Fletching
aapanjus
6:36 Loom
9:20 Feudal Age
10:13 Double-Bit Axe
10:10 Horse Collar
15:36 Wheelbarrow
17:15 Fletching
21:25 Castle Age
20:05 Forging
20:30 Bloodlines
20:50 Man-at-Arms
21:32 Scale Mail Armor
21:56 Town Watch
22:32 Long Swordsman
24:14 Chain Mail Armor
25:08 Hand Cart
25:12 Squires
26:20 Bodkin Arrow
28:17 Padded Archer Armor
27:46 Elite Skirmisher
Connection lost

Rejoining the realm…

Still unreachable

The connection could not be restored.

Session expired

The server has moved on; the page needs a fresh start.